Map: Eternal Empire LE

Players

Reynor - Winner!

  • Race: Zerg Zerg
  • Spawn Location: 1:00

INnoVation

  • Race: Terran Terran
  • Spawn Location: 7:00

Event: StayAtHomestory Cup #1

VOD

Have the link to the VOD?

Description

Time

  • Played on: April 11, 2020, 7:21 a.m.
  • Length: 4:58

All games in this series

Show
View Real Time Build Order
Export as new Build Order

Reynor Zerg - Winner!

Build Orders: Hatch First 

Get SALT Encoding   

  12  0:00  Drone  
  13  0:12  Overlord  
  13  0:17  Drone  
  14  0:30  Drone  
  14  0:31  Drone  
  16  0:48  Hatchery  
  15  0:52  Drone  
  15  0:56  Drone  
  17  0:59  Drone  
  18  1:23  Spawning Pool  
  17  1:33  Drone  
  18  2:09  Zergling x8  
  18  2:10  Queen x2  
  18  2:12  Zergling x2  
  27  2:22  Zergling x2  
  28  2:23  Overlord  
  27  2:39  Drone  
  27  2:40  Extractor  
  27  2:41  Drone  
  27  2:43  Drone  
  29  2:51  Zergling x2  
  29  2:55  Spine Crawler  
  29  2:56  Zergling x2  
  30  2:59  Zergling x2  
  31  3:07  Queen  
  31  3:10  Drone  
  34  3:16  Drone x2  
  36  3:23  Overlord  
  36  3:42  Zergling x12  
  27  4:02  Zergling x2  
  26  4:05  Zergling x2  
  26  4:07  Zergling x2  
  22  4:12  Zergling x2  
  22  4:15  Zergling x2  
  20  4:19  Zergling x2  
  21  4:28  Zergling x4  
  21  4:37  Zergling x2  
Show
View Real Time Build Order
Export as new Build Order

INnoVation Terran 

Build Orders:  

Get SALT Encoding   

  12  0:00  SCV  
  13  0:13  SCV  
  14  0:17  Supply Depot  
  14  0:25  SCV  
  15  0:40  Barracks  
  15  0:51  Barracks  
  15  0:54  SCV  
  16  1:00  Refinery  
  16  1:06  SCV  
  17  1:18  SCV  
  17  1:29  Marine  
  17  1:33  Orbital Command  
  16  1:47  Marine  
  17  1:59  SCV  
  18  2:04  Marine  
  18  2:05  Marine  
  20  2:09  Supply Depot  
  20  2:11  SCV  
  21  2:18  Bunker  
  21  2:22  Marine  
  21  2:23  Marine  
  23  2:30  Bunker  
  22  2:37  SCV  
  22  2:40  Marine  
  22  2:41  Marine  
  23  2:49  SCV  
  24  2:58  Marine  
  24  2:59  Marine  
  24  3:01  SCV  
  27  3:13  SCV  
  27  3:16  Marine  
  27  3:17  Marine  
  30  3:26  Supply Depot  
  30  3:34  Marine  
  30  3:39  Marine  
  18  3:52  Marine  
  13  4:01  Marine  
  10  4:10  Marine  
  9  4:19  Marine  
  10  4:28  Marine  
  8  4:39  Marine  
Tags
 
Add a new tag
Caveats
  • Supply blocks, unpowered buildings, or Contaminate may cause inaccurate times.
  • Supply counts are checked every 10 seconds.